 Dungeon Sprint DCSS version 0.21.1-1-g345015f (webtiles) character file.

143 Psiloshibe the Carver (level 5, -5/49 HPs)
             Began as a Barachi Berserker on May 28, 2018.
             Was an Elder of Trog.
             Slain by an orc warrior
             ... wielding a +0 war axe
              (18 damage)
             ... in the Dungeon (Sprint IX: "|||||||||||||||||||||||||||||").
             The game lasted 00:01:36 (256 turns).

Psiloshibe the Carver (Barachi Berserker)            Turns: 256, Time: 00:01:37

Health: -5/49      AC: 13    Str: 19    XL:     5   Next: 25%
Magic:  5/5        EV: 10    Int:  7    God:    Trog [****..]
Gold:   0          SH:  0    Dex: 15    Spells: 4/4 levels left

rFire    . . .     SeeInvis .   a - +2 scimitar (flame)
rCold    . . .     Gourm    .   (no shield)
rNeg     . . .     Faith    .   q - +1 chain mail
rPois    .         Spirit   .   (no helmet)
rElec    .         Reflect  .   p - +0 cloak
rCorr    .         Harm     .   (no gloves)
MR       ++...     NoTele   +   (no boots)
Stlth    ..........             (no amulet)
HPRegen  1.16/turn              r - +3 ring of dexterity
MPRegen  0.09/turn              s - +2 ring of protection

@: berserk cooldown, regenerating, slowed, very slow
A: +LOS, swims, slowness 1, strong legs 1
a: Hop, Berserk, Trog's Hand, Brothers in Arms, Burn Spellbooks, Renounce
Religion


You were in the Dungeon.
You worshipped Trog.
Trog was greatly pleased with you.
You were not hungry.

You visited 1 branch

Inventory:

Hand Weapons
 a - a +2 scimitar of flaming (weapon)
 n - a +2 rapier of distortion
Armour
 p - a +0 cloak (worn)
 q - a +1 chain mail (worn)
Jewellery
 r - a +3 ring of dexterity (left hand)
 s - a +2 ring of protection (right hand)
Wands
 m - a wand of iceblast (10)
Scrolls
 i - 2 scrolls of blinking
 l - 3 scrolls of remove curse
Potions
 d - 5 potions of curing
 e - 3 potions of heal wounds
 f - a potion of haste
 g - 4 potions of magic
 h - a potion of berserk rage
 k - a potion of invisibility
Comestibles
 c - a ration
 j - 2 chunks of flesh


   Skills:
 + Level 7.8 Fighting
 + Level 8.5 Long Blades
 + Level 4.4 Armour
 + Level 5.0 Dodging


You had 4 spell levels left.
You didn't know any spells.

Dungeon Overview and Level Annotations

Branches:
Dungeon (1/1)

Altars:
Cheibriados
Dithmenos
Elyvilon
Fedhas
Gozag
Hepliaklqana
Kikubaaqudgha
Makhleb
Nemelex Xobeh
Okawaru
Qazlal
Ru
Sif Muna
Trog
Uskayaw
Vehumet
Wu Jian
Xom
Yredelemnul
Zin
The Shining One
Beogh
Jiyva
Lugonu


Innate Abilities, Weirdness & Mutations

Shadows flee at your approach. (+LOS)
You can swim through water.
You cover ground slowly.
You can hop short distances.


Message History

Trog accepts your kill.
You can now call in reinforcements.
Your Fighting skill increases to level 7!
Your Long Blades skill gained 2 levels and is now at level 8!
Your Armour skill increases to level 4!
Your Dodging skill gained 2 levels and is now at level 5!
You have reached level 4!
You feel stronger.
You have reached level 5!
The phantom blinks!
You feel a strong urge to attack something.
You slash the phantom! You burn the phantom.
The phantom is moderately damaged.
The phantom hits you.
* * * LOW HITPOINT WARNING * * *
The phantom blinks!
You are no longer berserk.
You are exhausted.
You feel yourself slow down.
The orc warrior hits you with a war axe!!
You die... ▓▓▓▓▓▓▓▓▓▓▓▓▓▓▓▓▓▓▓▓▓▓▓ _____'.?|)W[..)'@ooY..+ ▓▓▓▓▓▓▓▓▓▓▓▓▓▓▓▓▓▓▓▓▓▓▓

You could see a yak, a phantom, an orc warrior and an orc wizard.

Vanquished Creatures
  An orc warrior (D)
  A hound (D)
  An adder (D)
  An adder skeleton (D)
  A dart slug (D)
  2 leopard geckos (D)
  A giant cockroach (D)
  A ball python (D)
  A kobold (D)
  A quokka zombie (D)
  A rat (D)
12 creatures vanquished.

Notes
Turn   | Place    | Note
-------+----------+-------------------------------------------
     0 | D        | Psiloshibe the Barachi Berserker began the quest for the Orb.
     0 | D        | Reached XP level 1. HP: 18/18 MP: 1/1
     6 | D        | Reached skill level 4 in Long Blades
     7 | D        | Reached ** piety under Trog
    16 | D        | Reached XP level 2. HP: 23/26 MP: 2/2
    30 | D        | Reached skill level 5 in Long Blades
    43 | D        | Reached skill level 5 in Fighting
    53 | D        | Reached *** piety under Trog
    63 | D        | Reached skill level 6 in Long Blades
    63 | D        | Reached XP level 3. HP: 9/34 MP: 3/3
   174 | D        | Found a roughly hewn altar of Beogh.
   174 | D        | Found a snail-covered altar of Cheibriados.
   174 | D        | Found a shadowy altar of Dithmenos.
   174 | D        | Found a white marble altar of Elyvilon.
   174 | D        | Found a blossoming altar of Fedhas.
   174 | D        | Found an opulent altar of Gozag.
   174 | D        | Found a hazy altar of Hepliaklqana.
   175 | D        | Found a viscous altar of Jiyva.
   176 | D        | Found an ancient bone altar of Kikubaaqudgha.
   177 | D        | Found a corrupted altar of Lugonu.
   178 | D        | Found a burning altar of Makhleb.
   179 | D        | Found a sparkling altar of Nemelex Xobeh.
   180 | D        | Found an iron altar of Okawaru.
   181 | D        | Found a stormy altar of Qazlal.
   182 | D        | Found a sacrificial altar of Ru.
   183 | D        | Found a deep blue altar of Sif Muna.
   184 | D        | Found a bloodstained altar of Trog.
   185 | D        | Found a hide-covered altar of Uskayaw.
   186 | D        | Found a radiant altar of Vehumet.
   187 | D        | Found an ornate altar of the Wu Jian Council.
   188 | D        | Found a shimmering altar of Xom.
   189 | D        | Found a basalt altar of Yredelemnul.
   190 | D        | Found a glowing silver altar of Zin.
   191 | D        | Found a glowing golden altar of the Shining One.
   241 | D        | Noticed an orc warrior
   241 | D        | Noticed a phantom
   241 | D        | Noticed an orc warrior
   241 | D        | Noticed a yak
   252 | D        | Killed an orc warrior
   252 | D        | Reached **** piety under Trog
   252 | D        | Reached skill level 8 in Long Blades
   252 | D        | Reached skill level 5 in Dodging
   252 | D        | Reached XP level 4. HP: 16/44 MP: 4/4
   252 | D        | Reached XP level 5. HP: 18/49 MP: 5/5
   256 | D        | Slain by an orc warrior

Skill      XL: |  1  2  3 |
---------------+----------+-----
Fighting       | 4 6 7 |  7.8
Long Blades    | 4 6 8 |  8.5
Armour         | 3 4 |  4.4
Dodging        | 3 5 |  5.0

Action                   |  1- 3 |  4- 6 || total
-------------------------+-------+-------++-------
Melee: Falchion          |    47 |       ||    47
       Scimitar          |     8 |     1 ||     9
Invok: Trog's Hand       |     3 |       ||     3
       Berserk           |     1 |       ||     1
 Abil: Hop               |     1 |       ||     1
Armor: Animal skin       |     6 |       ||     6
Dodge: Dodged            |    31 |       ||    31
       Rpst.: Falchion   |     9 |       ||     9
